AoeStats
← prontoelpibe

Black Forest

508543527Analyzed
2v2 RM · 9d ago on Sep 23, 2026· 58m 25s· 4 players
Game mode
Random Map
Map size
Medium (4 player)
Population
200
Speed
Normal
Resources
Standard
Victory
Conquest
Starting age
Dark Age
Ending age
Imperial Age
RankedLock teamsTeams togetherTeam positionsShared explorationLock speedFull tech treeHidden civsTurbo modeCheats
Victory
Defeat
🇲🇽 Franks · Mexico
540
+12
🇺🇾 Koreans · Uruguay
520
+14
🇲🇽 Persians · Mexico
461
-13
🇲🇽 Sicilians · Mexico
461
-13
jose.rodarte
0:51 Loom
14:24 Feudal Age
16:05 Wheelbarrow
15:17 Double-Bit Axe
27:42 Castle Age
26:19 Stone Mining
26:21 Gold Mining
28:39 Caravan
28:56 Hand Cart
29:25 Bow Saw
32:00 Treadmill Crane
32:45 Fortified Wall
32:31 Murder Holes
37:13 Imperial Age
37:06 Forging
36:56 Scale Mail Armor
37:01 Scale Barding Armor
36:56 Padded Archer Armor
36:46 Fletching
38:30 Conscription
38:11 Chivalry
38:48 Hoardings
37:36 Cavalier
37:39 Light Cavalry
38:20 Husbandry
38:13 Fletching
39:51 Chemistry
39:04 Masonry
39:41 Town Watch
40:46 Iron Casting
40:26 Chain Mail Armor
40:31 Chain Barding Armor
40:27 Leather Archer Armor
42:13 Squires
41:58 Gambesons
41:58 Arson
43:15 Blast Furnace
42:11 Bodkin Arrow
44:03 Architecture
43:39 Siege Engineers
43:55 Ballistics
44:32 Plate Mail Armor
44:37 Plate Barding Armor
44:25 Paladin
53:38 Fervor
prontoelpibe
7:09 Loom
11:39 Feudal Age
13:51 Double-Bit Axe
19:44 Castle Age
19:09 Gold Mining
19:11 Stone Mining
19:05 Horse Collar
22:44 Bow Saw
23:44 Caravan
27:44 Heavy Plow
35:34 Imperial Age
34:23 Wheelbarrow
34:43 Town Watch
35:00 Fletching
38:34 Chemistry
40:33 Two-Man Saw
42:34 Gold Shaft Mining
42:33 Ballistics
42:48 Town Patrol
43:43 Hand Cart
46:07 Elite War Wagon
51:23 Bodkin Arrow
52:37 Conscription
XxAngelxX07515
13:04 Feudal Age
13:32 Horse Collar
13:43 Double-Bit Axe
15:19 Wheelbarrow
15:28 Gold Mining
20:04 Man-at-Arms
20:42 Stone Mining
25:22 Castle Age
26:31 Bow Saw
25:48 Pikeman
25:48 Long Swordsman
26:31 Squires
26:16 Gambesons
27:18 Hand Cart
27:37 Heavy Plow
29:20 Gold Shaft Mining
29:21 Stone Shaft Mining
29:03 Scale Barding Armor
28:59 Padded Archer Armor
37:05 Imperial Age
39:51 Chain Barding Armor
39:31 Scale Mail Armor
39:47 Leather Archer Armor
39:24 Fletching
39:45 Forging
40:40 Chemistry
40:01 Ballistics
39:32 Heated Shot
39:33 Guard Tower
39:56 Masonry
42:21 Heavy Cavalry Archer
42:22 Elite Skirmisher
42:23 Crossbowman
43:08 Thumb Ring
43:30 Parthian Tactics
43:59 Heavy Camel Rider
44:00 Cavalier
44:41 Husbandry
44:52 Bloodlines
44:02 Light Cavalry
45:01 Citadels
45:40 Kamandaran
45:44 Halberdier
47:41 Crop Rotation
47:32 Chain Mail Armor
50:08 Savar
50:09 Hussar
57:13 Elite War Elephant
DiegoMoost
3:56 Loom
17:52 Feudal Age
19:41 Double-Bit Axe
20:51 Fishing Lines
24:38 Forging
23:59 Man-at-Arms
24:46 Gold Mining
24:46 Stone Mining
25:09 Stone Mining
28:25 Wheelbarrow
27:40 Town Watch
28:05 Scale Mail Armor
28:16 Horse Collar
31:02 Castle Age
33:21 Bow Saw
33:50 Gold Shaft Mining
33:17 Heavy Plow
35:49 Imperial Age
33:38 Hand Cart
34:05 Stone Shaft Mining
33:27 Long Swordsman
33:53 Gambesons
34:33 Ballistics
34:16 Murder Holes
34:58 Arson
35:14 Squires
35:56 Iron Casting
35:36 Chain Mail Armor
36:50 Conscription
36:23 Town Watch
37:21 Crop Rotation
36:48 Gillnets
38:10 Town Patrol
38:44 Chain Mail Armor
39:37 Elite Serjeant
39:56 Sappers
40:42 Cranequins
41:42 Two-Handed Swordsman
42:21 Champion
43:35 Pikeman
44:24 Cavalier
45:50 Caravan
47:25 Onager
47:27 Heavy Scorpion
Connection lost

Rejoining the realm…

Still unreachable

The connection could not be restored.

Session expired

The server has moved on; the page needs a fresh start.